 Dungeon Crawl Stone Soup version 0.28.0-53-g5a82cb258f (webtiles) character file.

Game seed: 4768339631683836370

151 BeingJoeMalik the Poker (level 5, -9/49 HPs)
             Began as a Naga Fighter on June 26, 2022.
             Mangled by a gnoll
             ... wielding a +0 halberd
              (11 damage)
             ... on level 2 of the Dungeon.
             The game lasted 00:04:18 (1613 turns).

BeingJoeMalik the Poker (Naga Fighter)              Turns: 1613, Time: 00:04:18

Health: -9/49      AC:  5    Str: 18    XL:     5   Next: 33%
Magic:  5/5        EV:  7    Int:  8    God:
Gold:   135        SH:  4    Dex: 13    Spells: 4/4 levels left

rFire   . . .      SeeInvis +   a - +0 trident
rCold   . . .      Faith    .   c - +0 buckler
rNeg    . . .      Spirit   .   b - +0 scale mail
rPois   +          Reflect  .   (no helmet)
rElec   .          Harm     .   (no cloak)
rCorr   .          Rampage  .   (no gloves)
Will    .....                   (no barding)
Stlth   ..........              (no amulet)
HPRegen 0.16/turn               (no ring)
MPRegen 0.09/turn               (no ring)

@: short of breath, attractive, very slow
A: AC +1, large, see invisible, deformed body, poison resistance, slowness 2,
spit poison 1, naga tail 1
a: Spit Poison


You were on level 2 of the Dungeon.
You visited 1 branch of the dungeon, and saw 2 of its levels.

You collected 135 gold pieces.

Inventory:

Hand Weapons
 a - a +0 trident (weapon)
 k - a +0 trident
Armour
 b - a +0 scale mail (worn)
 c - a +0 buckler (worn)
Wands
 i - a wand of digging (6)
Scrolls
 d - a scroll of enchant armour {unknown}
 f - 2 scrolls of identify {unknown}
 g - a scroll of teleportation {unknown}
 h - a scroll of summoning {unknown}
 j - a scroll of noise {unknown}


   Skills:
 - Level 3.0 Fighting
 + Level 5.4 Polearms
 - Level 2.4 Armour
 - Level 2.4 Shields


You had 4 spell levels left.
You didn't know any spells.
Your spell library contained the following spells:

 Spells                   Type           Power      Damage    Failure   Level
 Olgreb's Toxic Radiance  Pois           0%         N/A       100%        4
 Ozocubu's Refrigeration  Ice            0%         4d5       100%        7
 Ignition                 Fire           0%         3d3       100%        8


Dungeon Overview and Level Annotations

Branches:
Dungeon (2/15)

Altars:


Innate Abilities, Weirdness & Mutations

Your serpentine skin is tough. (AC +1)
You have supernaturally acute eyesight. (SInv)
Armour fits poorly on your strangely shaped body.
Your system is resistant to poisons. (rPois)
You cover ground very slowly.
You can spit poison.
You have a snake-like lower body.


Message History

The gnoll hits you from afar with a +0 halberd!
The gnoll hits you with a +0 club.
Unknown command.
You puncture the gnoll!
The gnoll is severely wounded.
The gnoll barely misses you. The gnoll closely misses you.
Unknown command.
You closely miss the gnoll.
The gnoll is severely wounded.
The gnoll hits you but does no damage. You block the gnoll's attack.
Unknown command.
It was a potion of attraction.
You feel attractive to monsters.
You have got your breath back.
The gnoll closely misses you. The gnoll hits you but does no damage.
You barely miss the gnoll.
The gnoll is severely wounded.
The gnoll barely misses you. The gnoll hits you with a +0 club.
Unknown command.
You hit the gnoll.
You kill the gnoll!
The gnoll barely misses you. The gnoll is attracted toward you.
The gnoll shaman is attracted toward you.
The gnoll is attracted toward you.
Unknown command.
Aiming: Spit Poison (1% risk of failure)
Press: ? - help, Q - select action Shift-Dir - straight line, f - gnoll
Aim: a gnoll, wielding a +0 halberd (65% to hit)
The splash of poison hits the gnoll!
The gnoll is poisoned.
The gnoll is heavily wounded.
The gnoll hits you with a +0 halberd!
* * * LOW HITPOINT WARNING * * *
Unknown command.
Okay, then.
Unknown command.
You aren't carrying any potions.
You closely miss the gnoll.
The gnoll is heavily wounded.
The gnoll hits you with a +0 halberd!
You die...

...# ...# ...## ##..##
#....################
...#................#
..##.#####.....####.##
[###.#####.....####..#######
..##...........'@ggg.......>
...#.#####.....#####..########
#..†.).)....(..# #....# ≈≈≈≈
##...#####.....# #...###≈≈≈≈≈
...#.# #.....# #...g......≈
##...### #.....# #...........
.......######'#####.......≈≈..
#..#.....................g..≈≈
#..###.######.######.....≈....


You could see a gnoll shaman and 2 gnolls.

Vanquished Creatures
  Jessica (D:2)
  2 adders (D:2)
  4 gnolls
  7 dart slugs
  4 ball pythons
  6 bats
  5 endoplasms
  2 giant cockroaches
  6 goblins
  3 hobgoblins
  3 quokkas
  4 frilled lizards
  4 kobolds
  4 rats
55 creatures vanquished.

Vanquished Creatures (others)
  A plant (D:1)
1 creature vanquished.

Grand Total: 56 creatures vanquished

Notes
Turn   | Place    | Note
-------+----------+-------------------------------------------
     0 | D:1      | BeingJoeMalik the Naga Fighter began the quest for the Orb.
     0 | D:1      | Reached XP level 1. HP: 21/21 MP: 1/1
   100 | D:1      | Reached XP level 2. HP: 27/28 MP: 2/2
   122 | D:1      | Reached skill level 3 in Polearms
   383 | D:1      | Reached XP level 3. HP: 27/34 MP: 3/3
   863 | D:1      | Reached skill level 4 in Polearms
   902 | D:1      | Found a faded altar of an unknown god.
  1144 | D:2      | Reached XP level 4. HP: 30/42 MP: 4/4
  1435 | D:2      | Noticed Jessica
  1436 | D:2      | Killed Jessica
  1437 | D:2      | Reached skill level 5 in Polearms
  1437 | D:2      | Reached XP level 5. HP: 49/49 MP: 5/5
  1612 | D:2      | HP: 2/49 [gnoll/+0 halberd (13)]
  1613 | D:2      | Mangled by a gnoll

Illustrated notes

Levels and vault maps discovered:
D:1:      scummos_arrival_checkerplants, layout_loops_ring,
          shapermc_ecumenical_altar_hornbeckon, minmay_tromino_i2
D:2:      cheibrodos_helix_gallery, layout_basic, minmay_circle_x, uniq_jessica

Skill      XL: |  1  2  3  4 |
---------------+-------------+-----
Polearms       | 3 4 5 |  5.4
Fighting       | |  3.0
Armour         | |  2.4
Shields        | |  2.4

Action                   |  1- 3 |  4- 6 || total
-------------------------+-------+-------++-------
Melee: Trident           |    54 |    52 ||   106
 Abil: Spit Poison       |    24 |    17 ||    41
  Use: Potion            |     1 |     1 ||     2
Armor: Scale mail        |    13 |    18 ||    31
Dodge: Dodged            |     6 |    26 ||    32
Block: Buckler           |    13 |    13 ||    26
